 Dungeon Sprint DCSS version 0.29-a0-723-gce39da1c22 (webtiles) character file.

Game seed: 11452551113542665971

2287 zeratav the Spry (level 9, 0/76 HPs)
             Began as a Spriggan Brigand on June 28, 2022.
             Was a Believer of Wu Jian.
             Slain by a centaur warrior (11 damage)
             ... in the Dungeon (Sprint I: "Red Sonja").
             The game lasted 00:03:39 (345 turns).

zeratav the Spry (Spriggan Brigand)                  Turns: 345, Time: 00:03:40

Health: 0/76       AC:  4    Str:  7    XL:     9   Next: 17%
Magic:  10/10      EV: 30    Int: 13    God:    Wu Jian [**....]
Gold:   467        SH:  0    Dex: 20    Spells: 8/8 levels left

rFire   . . .      SeeInvis +   a - +2 dagger (flame) {short}
rCold   . . .      Faith    .   (no shield)
rNeg    . . .      Spirit   .   b - +0 robe
rPois   +          Reflect  .   (helmet restricted)
rElec   .          Harm     .   n - +1 cloak {rPois}
rCorr   .          Rampage  .   (gloves unavailable)
Will    +....      NoTele   +   (boots unavailable)
Stlth   ..........              (no amulet)
HPRegen 0.22/turn               (no ring)
MPRegen 0.12/turn               (no ring)

@: berserking, very quick
A: very small, no large weapons, unfitting armour, see invisible, speed 3
a: Renounce Religion, Wall Jump


You were in the Dungeon.
You worshipped Wu Jian.
Wu Jian was pleased with you.
You visited 1 branch You collected 847 gold pieces.
You spent 380 gold pieces at shops.


Innate Abilities, Weirdness & Mutations

You are very small and have problems with some larger weapons.
You are too small for most types of armour.
You have supernaturally acute eyesight. (SInv)
You cover ground extremely quickly. (Speed+++)


   Skills:
 - Level 8.0 Fighting
 - Level 8.0 Short Blades
 - Level 6.0 Throwing
 + Level 4.1 Armour
 - Level 15.0 Dodging
 - Level 15.0 Stealth
 + Level 6.7 Evocations


You had 8 spell levels left.
You didn't know any spells.
Your spell library was empty.

Inventory:

Hand Weapons
 a - a +2 dagger of flaming (weapon) {short}
Missiles
 d - 9 poisoned darts (quivered) {throwing}
 e - 6 curare-tipped darts {=fthrowing}
Armour
 b - a +0 robe (worn)
 n - a +1 cloak of poison resistance (worn)
   (You bought it in a shop in the Dungeon)
Wands
 l - a wand of flame (3)
   (You took it off Ijyb in the Dungeon)
 p - a wand of paralysis (5)
   (You found it in the Dungeon)
Scrolls
 k - a scroll of blinking {!r}
 o - a scroll of fog {unknown}
 q - a scroll of identify {unknown}
Potions
 c - a potion of degeneration {unknown}
 f - 3 potions of curing {@q1}
 h - a potion of haste {@q3}
 i - 2 potions of magic
 j - a potion of berserk rage {!q}
 m - a potion of attraction {unknown}

Dungeon Overview and Level Annotations

Branches:
Dungeon (1/1) Zot: 27000

Altars:
Cheibriados
Dithmenos
Elyvilon
Fedhas
Gozag
Hepliaklqana
Kikubaaqudgha
Makhleb
Nemelex Xobeh
Okawaru
Qazlal
Ru
Sif Muna
Trog
Uskayaw
Vehumet
Wu Jian
Xom
Yredelemnul
Zin
The Shining One
Jiyva
Lugonu

Shops:
D

[?[
##################
.)'..#.)'..#__#..+
..#.)'..#..'..'..#
####'#####'#__####
###..#...#.####§/#
__####..##(#§≈≈.§#
_____##'#_.+§§§§@+
_.∩...'..._#≈≈≈.c#
_..__##_.#'##'####
_____###'#[#...[###
########.####'###.##
......'...'.....'.∩#
+++####.).##########
###.### #.#'#.#


You could see a centaur warrior.


Message History

* * * LOW HITPOINT WARNING * * *
HP[-16]
You take 16 damage, and now have 20/47 hp.
MASSIVE DAMAGE!! (PAUSE)
You hit the centaur warrior. You burn the centaur warrior.
The centaur warrior closely misses you. The centaur warrior kicks you.
* * * LOW HITPOINT WARNING * * *
The centaur warrior barely misses you. The centaur warrior closely misses you.
HP[-1]
You take 1 damage, and now have 19/47 hp.
You closely miss the centaur warrior.
The centaur warrior completely misses you.
The centaur warrior kicks you but does no damage.
The centaur warrior hits you.
* * * LOW HITPOINT WARNING * * *
The centaur warrior completely misses you.
HP[-2]
You take 2 damage, and now have 17/47 hp.
You hit the centaur warrior. You burn the centaur warrior.
The centaur warrior hits you!
* * * LOW HITPOINT WARNING * * *
The centaur warrior closely misses you. The centaur warrior hits you.
* * * LOW HITPOINT WARNING * * *
The centaur warrior kicks you but does no damage.
HP[-13]
You take 13 damage, and now have 4/47 hp.
MASSIVE DAMAGE!! (PAUSE)
You hit the centaur warrior but do no damage.
You hit the centaur warrior but do no damage.
The centaur warrior hits you.
* * * LOW HITPOINT WARNING * * *
The centaur warrior completely misses you.
The centaur warrior barely misses you.
The centaur warrior kicks you but does no damage.
HP[-1]
You take 1 damage, and now have 3/47 hp.
You feel much better. The centaur warrior hits you!
* * * LOW HITPOINT WARNING * * *
The centaur warrior closely misses you. The centaur warrior misses you.
The centaur warrior kicks you but does no damage.
The centaur warrior closely misses you.
The centaur warrior completely misses you. x3
HP[+12]
You regained 12 hp, and now have 15/47 hp.
A red film seems to cover your vision as you go berserk!
You feel yourself moving faster!
You feel mighty! The centaur warrior misses you.
The centaur warrior kicks you but does no damage.
The centaur warrior hits you but does no damage.
The centaur warrior kicks you.
* * * LOW HITPOINT WARNING * * *
HP[+7]
You now have 70 max hp (+23).
You regained 7 hp, and now have 22/70 hp.
You puncture the centaur warrior! You burn the centaur warrior.
The centaur warrior hits you but does no damage.
The centaur warrior barely misses you. The centaur warrior hits you.
* * * LOW HITPOINT WARNING * * *
The centaur warrior misses you.
HP[-2]
You take 2 damage, and now have 20/70 hp.
You puncture the centaur warrior! You burn the centaur warrior.
The centaur warrior misses you. x3
The centaur warrior kicks you but does no damage.
You puncture the centaur warrior! You burn the centaur warrior.
HP[+1]
You hit the centaur warrior. You burn the centaur warrior.
The centaur warrior hits you.
* * * LOW HITPOINT WARNING * * *
The centaur warrior kicks you.
* * * LOW HITPOINT WARNING * * *
The centaur warrior hits you!
* * * LOW HITPOINT WARNING * * *
The centaur warrior kicks you but does no damage.
HP[-10]
You take 10 damage, and now have 11/70 hp.
You puncture the centaur warrior! You burn the centaur warrior.
You kill the centaur warrior!
The Council accepts your kill.
You can now perform airborne attacks.
Your Armour skill gained 3 levels and is now at level 4!
Your Evocations skill gained 6 levels and is now at level 6!
You have reached level 9!
Your experience leads to an increase in your attributes!
Increase (S)trength, (I)ntelligence, or (D)exterity?
You feel agile. x2
HP[+1] MP[+1]
You now have 76 max hp (+6).
Your mp is fully restored (10).
You hit the centaur warrior. You burn the centaur warrior.
You punch the centaur warrior! The centaur warrior misses you.
The centaur warrior completely misses you.
You hit the centaur warrior. You burn the centaur warrior.
You closely miss the centaur warrior. The centaur warrior barely misses you.
The centaur warrior kicks you.
* * * LOW HITPOINT WARNING * * *
HP[-1]
You take 1 damage, and now have 11/76 hp.
You hit the centaur warrior. You burn the centaur warrior.
The centaur warrior hits you!
You die...

Skill      XL: |  1  2  3  4  5  6  7  8 |
---------------+-------------------------+-----
Fighting       | 3 6 8 |  8.0
Stealth        | 8 10 13 15 | 15.0
Short Blades   | 5 8 |  8.0
Dodging        | 6 13 15 | 15.0
Throwing       | 6 |  6.0
Armour         | 4 |  4.1
Evocations     | 6 |  6.7

Action                   |  1- 3 |  4- 6 |  7- 9 || total
-------------------------+-------+-------+-------++-------
Melee: Dagger            |     2 |     4 |    18 ||    24
       Punch             |       |       |     1 ||     1
Invok: Lunge             |       |     2 |     3 ||     5
       Whirlwind         |       |       |     1 ||     1
  Use: Scroll            |       |     1 |       ||     1
       Potion            |       |       |     2 ||     2
 Stab: Sleeping          |     2 |     4 |     2 ||     8
Armor: Robe              |       |       |     9 ||     9
Dodge: Dodged            |       |       |    28 ||    28

Levels and vault maps discovered:
D:        dungeon_sprint_1 [red_sonja_temple_1, red_sonja_temple_small_1]

Notes
Turn   | Place    | Note
-------+----------+-------------------------------------------
     0 | D        | zeratav the Spriggan Brigand began the quest for the Orb.
     0 | D        | Reached XP level 1. HP: 10/10 MP: 2/2
     0 | D        | magus.rc [v1.9.6]
     2 | D        | Noticed Ijyb
     5 | D        | Killed Ijyb
     6 | D        | Reached skill level 3 in Fighting
     6 | D        | Reached skill level 8 in Stealth
     6 | D        | Reached XP level 2. HP: 16/16 MP: 3/3
     8 | D        | Noticed an ogre
    11 | D        | Killed an ogre
    12 | D        | Reached skill level 6 in Fighting
    12 | D        | Reached skill level 10 in Stealth
    12 | D        | Reached XP level 3. HP: 24/24 MP: 4/4
    12 | D        | Reached XP level 4. HP: 28/28 MP: 5/5
    21 | D        | Noticed Sigmund
    24 | D        | Killed Sigmund
    25 | D        | Reached skill level 8 in Fighting
    25 | D        | Reached skill level 5 in Short Blades
    25 | D        | Reached skill level 6 in Dodging
    25 | D        | Reached XP level 5. HP: 34/34 MP: 6/6
    25 | D        | Reached XP level 6. HP: 39/39 MP: 7/7
    39 | D        | Found an ornate altar of the Wu Jian Council.
    39 | D        | Found a shimmering blue altar of Sif Muna.
    41 | D        | Found a radiant altar of Vehumet.
    44 | D        | Became a worshipper of the Wu Jian Council
    48 | D        | Reached skill level 6 in Short Blades
    56 | D        | Found Raef Voo's Magic Scroll Emporium.
    56 | D        | Found an ancient bone altar of Kikubaaqudgha.
    56 | D        | Found a hazy altar of Hepliaklqana.
    56 | D        | Found a stormy altar of Qazlal.
    56 | D        | Found a hide-covered altar of Uskayaw.
    56 | D        | Found a blossoming altar of Fedhas.
    56 | D        | Found a bloodstained altar of Trog.
    56 | D        | Found an iron altar of Okawaru.
    56 | D        | Found a basalt altar of Yredelemnul.
    56 | D        | Found a glowing golden altar of the Shining One.
    56 | D        | Found a snail-covered altar of Cheibriados.
    56 | D        | Found a sacrificial altar of Ru.
    56 | D        | Found a glowing silver altar of Zin.
    56 | D        | Found a shadowy altar of Dithmenos.
    56 | D        | Found a white marble altar of Elyvilon.
    56 | D        | Noticed a yak
    57 | D        | Found an opulent altar of Gozag.
    57 | D        | Killed a yak
    58 | D        | Reached skill level 7 in Short Blades
    58 | D        | Reached skill level 9 in Dodging
    74 | D        | Found a sparkling altar of Nemelex Xobeh.
    78 | D        | Bought a scroll of brand weapon for 200 gold pieces
    85 | D        | Noticed Sonja
    88 | D        | Killed Sonja
    88 | D        | Reached * piety under Wu Jian
    89 | D        | Reached skill level 8 in Short Blades
    89 | D        | Reached skill level 10 in Dodging
    89 | D        | Reached skill level 6 in Throwing
    89 | D        | Reached skill level 13 in Dodging
    89 | D        | Reached XP level 7. HP: 43/43 MP: 8/8
   104 | D        | Found Eddikipa's Antique Armour Boutique.
   112 | D        | Bought an embroidered cloak for 180 gold pieces
   227 | D        | Noticed a deep troll
   230 | D        | Killed a deep troll
   231 | D        | Reached skill level 15 in Dodging
   231 | D        | Reached skill level 13 in Stealth
   231 | D        | Reached XP level 8. HP: 47/47 MP: 9/9
   251 | D        | Noticed a centaur warrior
   260 | D        | Found Gaomong's Armour Emporium.
   292 | D        | Found a burning altar of Makhleb.
   292 | D        | Found a viscous altar of Jiyva.
   292 | D        | Found a shimmering altar of Xom.
   292 | D        | Found a corrupted altar of Lugonu.
   292 | D        | Noticed a slime creature
   294 | D        | Killed a slime creature
   295 | D        | Reached skill level 15 in Stealth
   295 | D        | Reached skill level 1 in Armour
   326 | D        | Noticed a centaur warrior
   332 | D        | HP: 9/47 [centaur warrior (8)]
   332 | D        | HP: 4/47 [centaur warrior (5)]
   340 | D        | HP: 11/70 [centaur warrior (8)]
   341 | D        | Killed a centaur warrior
   341 | D        | Reached ** piety under Wu Jian
   342 | D        | Reached skill level 4 in Armour
   342 | D        | Reached skill level 6 in Evocations
   342 | D        | Reached XP level 9. HP: 12/51 MP: 10/10
   345 | D        | Slain by a centaur warrior

Vanquished Creatures
  A centaur warrior (D)
  Sonja (D)
  A deep troll (D)
  A slime creature (D)
  Sigmund (D)
  A yak (D)
  An ogre (D)
  A jelly (D)
  Ijyb (D)
9 creatures vanquished.

Vanquished Creatures (others)
  2 ballistomycete spores (D)
2 creatures vanquished.

Grand Total: 11 creatures vanquished

Table legend:
 A = Non-vault XP
 B = Vault XP
 C = Vault XP percentage of total XP
 D = Non-vault monster count
 E = Vault monster count
 F = Vault count percentage of total count
                 A         B        C        D         E       F
            +---------+---------+-------+---------+---------+-------
      Total |       0 |    3268 | 100.0 |       0 |       9 | 100.0
            +---------+---------+-------+---------+---------+-------
          D |       0 |    3268 | 100.0 |       0 |       9 | 100.0
            +---------+---------+-------+---------+---------+-------

Illustrated notes

Table legend:
 A = Kills in this place as a percentage of kills in entire the game.
 B = Kills by you in this place as a percentage of kills by you in the entire game.
 C = Kills by friends in this place as a percentage of kills by friends in the entire game.
 D = Other kills in this place as a percentage of other kills in the entire game.
 E = Experience gained in this place as a percentage of experience gained in the entire game.
 F = Experience gained in this place divided by the number of levels of this place that you have seen.
                   A       B       C       D       E      F
               +-------+-------+-------+-------+-------+----------------------
         Total | 100.0 | 100.0 |   N/A |   N/A | 100.0 | 3268.0
       Dungeon | 100.0 | 100.0 |   N/A |   N/A | 100.0 | 3268.0
               +-------+-------+-------+-------+-------+----------------------

Table legend: (Time is in decaauts)
 A = Elapsed time spent in this place.
 B = Non-inter-level travel time spent in this place.
 C = Inter-level travel time spent in this place.
 D = Time resting spent in this place.
 E = Time spent auto-exploring this place.
 F = Levels seen in this place.
 G = Mean time per level.
                   A        B        C        D        E       F      G
               +--------+--------+--------+--------+--------+-----+--------+
         Total |    262 |    262 |      0 |     57 |      0 |   1 |  262.0 |
       Dungeon |    262 |    262 |      0 |     57 |      0 |   1 |  262.0 |
               +--------+--------+--------+--------+--------+-----+--------+

Top non-repeatable levels by time:
       D: 262 daAuts
